 Dungeon Crawl Stone Soup version 0.29-a0-824-gd827844252 (webtiles) character file.

Game seed: 839662635469281044

8205 Sabo the Cleaver (level 11, -17/87 HPs)
             Began as a Formicid Fighter on July 10, 2022.
             Was a High Priest of Fedhas.
             Demolished by a balrug
             ... wielding a +2 demon whip of venom
              (21 damage)
             ... on level 2 of the Abyss.
             The game lasted 00:59:35 (12643 turns).

Sabo the Cleaver (Formicid Fighter)                Turns: 12643, Time: 00:59:37

Health: -17/87     AC: 14    Str: 24    XL:     11   Next: 51%
Magic:  11/11      EV: 13    Int:  9    God:    Fedhas [*****.]
Gold:   1403       SH:  6    Dex: 13    Spells: 10/10 levels left

rFire   . . .      SeeInvis +   A - +3 battleaxe
rCold   . . .      Faith    .   c - +0 buckler
rNeg    . . .      Spirit   .   g - +3 leather armour of the Exiled Deaths {rElec rPois}
rPois   +          Reflect  .   (helmet unavailable)
rElec   +          Harm     .   B - +2 cloak
rCorr   .          Rampage  .   t - +2 pair of gloves
Will    +....                   J - +0 pair of boots
Stlth   ++........              (no amulet)
HPRegen 0.24/turn               (no ring)
MPRegen 0.12/turn               (no ring)

@: lethally poisoned (-17 -> -25)
A: permanent stasis, dig shafts and tunnels, antennae 3, four strong arms
a: Dig, Shaft Self, Renounce Religion, Wall of Briars, Grow Ballistomycete,
Overgrow, Grow Oklob


You were on level 2 of the Abyss.
You worshipped Fedhas.
Fedhas was extremely pleased with you.
You visited 1 branch of the dungeon, and saw 10 of its levels.
You visited the Abyss 1 time.

You collected 1403 gold pieces.

Inventory:

Hand Weapons
 a - a +0 war axe
 f - a +4 spear of freezing
 m - a +2 dagger of flaming
 y - a +4 quarterstaff of chaos
 z - a +1 falchion of holy wrath
 A - a +3 battleaxe (weapon)
 H - a +2 whip of electrocution
 I - a +4 halberd
 L - a +1 dire flail of venom
 N - a +0 shortbow
Missiles
 q - 15 boomerangs (quivered)
 G - 23 poisoned darts
Armour
 c - a +0 buckler (worn)
 g - the +3 leather armour of the Exiled Deaths (worn) {rElec rPois}
   (You found it on level 3 of the Dungeon)

   rElec:     It insulates you from electricity.
   rPois:     It protects you from poison.
 t - a +2 pair of gloves (worn)
 B - a +2 cloak (worn)
 D - +0 steam dragon scales
 J - a +0 pair of boots (worn)
 M - a +4 scale mail
Jewellery
 i - an amulet of faith
Wands
 e - a wand of mindburst (13)
 n - a wand of digging (7)
 o - a wand of roots (10)
 x - a wand of polymorph (8)
 F - a wand of flame (11)
Scrolls
 b - a scroll of magic mapping
 k - a scroll of fog
 l - a scroll of fear
 v - 2 scrolls of poison
 C - a scroll of silence
Potions
 d - 2 potions of might
 h - a potion of curing
 j - 2 potions of mutation {unknown}
 p - a potion of resistance {unknown}
 r - 2 potions of magic
 s - 2 potions of flight
 u - a potion of attraction {unknown}
 w - a potion of invisibility {unknown}
 E - a potion of brilliance {unknown}
 K - a potion of heal wounds


   Skills:
 + Level 8.5 Fighting
 + Level 12.3 Axes
 + Level 2.6 Throwing
 + Level 5.9 Armour
 + Level 5.2 Dodging
 + Level 3.7 Stealth
 + Level 7.3 Shields


You had 10 spell levels left.
You didn't know any spells.
Your spell library contained the following spells:

 Spells                   Type           Power      Damage    Failure   Level
 Necrotise                Necr           0%         1d4       50%         1
 Shock                    Conj/Air       0%         1d3       50%         1
 Ensorcelled Hibernation  Hex/Ice        0%         N/A       63%         2
 Passwall                 Tmut/Erth      0%         N/A       63%         2
 Spider Form              Tmut/Pois      0%         N/A       86%         3
 Vampiric Draining        Necr           0%         2d6       86%         3
 Airstrike                Air            0%         0-1+      99%         4
 Anguish                  Hex/Necr       0%         N/A       99%         4
 Corpse Rot               Necr/Pois/Air  0%         N/A       99%         4
 Dispel Undead            Necr           0%         3d6       99%         4
 Agony                    Necr           0%         N/A       100%        5
 Death Channel            Necr           0%         N/A       100%        6
 Swiftness                Air            Unusable   N/A       N/A         3

Dungeon Overview and Level Annotations

Branches:
Dungeon (10/15)            Temple (0/1) D:5            Lair (0/6) D:10
    Orc: D:9-12

Altars:
Fedhas
Hepliaklqana
Makhleb
Qazlal
Uskayaw
Xom
Yredelemnul
The Shining One

Annotations:
D:10 Erolcha


Innate Abilities, Weirdness & Mutations

You cannot be hasted, slowed, berserked, paralysed or teleported.
You can dig through walls and to a lower floor.
You have a pair of large antennae on your head. (SInv)
Your four strong arms can wield two-handed weapons with a shield.


Message History

You open the door.
Found a stone staircase leading down.
There is an open door here.
Found a pair of boots.
Found 6 stones.
You open the door.
There is an open door here.
There is an open door here.
You open the door.
There is an open door here.
Erolcha the Cunning comes into view.
She is wielding a +0 giant club.
The helpless Erolcha fails to defend herself.
You slash Erolcha!
Erolcha is moderately wounded.
Erolcha roars.
Erolcha gestures at you while chanting.
You are cast into the Abyss!
This branch contains the abyssal rune of Zot.
Beware, you cannot shaft yourself on this level.
A balrug comes into view.
It is wielding a +2 demon whip of venom.
The balrug gestures at you.
The fireball explodes!
The fireball engulfs you!! The balrug gestures at you.
The fireball explodes!
The fireball engulfs you!
The fireball engulfs the balrug.
The balrug completely resists.
You hit the balrug.
The balrug is lightly wounded.
The balrug hits you with a +2 demon whip of venom!!
You are engulfed in flames!
* * * LOW HITPOINT WARNING * * *
The balrug hits you but does no damage.
You are poisoned.
You slice the balrug!!
The balrug is moderately wounded.
You feel very sick.
The balrug hits you with a +2 demon whip of venom!
* * * LOW HITPOINT WARNING * * *
You are engulfed in flames!!
You die...
Fedhas appreciates your contribution to the ecosystem.

. .# ...#.. #
.####.#.. ..# ##
. ...#.##...## #
#.#..# ... .# {
.... ##. .##
..## .# # ....#
#####.#..###...#
# ##..#.#.#..#
...
#.@#.##..#...# #
#.§2...#..#. # #
##.#..#§##### #
###..#.# #..#..#
#...## .# .. .#.
# ..2#.### ##. #
#


You could see a balrug.

Vanquished Creatures
  3 two-headed ogres
  Pikel (D:7)
  A komodo dragon (D:10)
  A troll (D:10)
  4 hornets
  Sigmund (D:3)
  A wraith (D:10)
  Eustachio (D:5)
  4 yaks (D:8)
  2 wyverns
  3 steam dragons
  A water moccasin (D:7)
  An acid dragon (D:10)
  An orc warrior (D:8)
  2 ice beasts
  2 sky beasts (D:7)
  3 ogres
  A centaur (D:10)
  2 kobold brigands (D:8)
  A phantom (D:6)
  4 bullfrogs
  A gnoll sergeant (D:7)
  A necrophage (D:8)
  7 wights (D:9)
  6 killer bees (D:8)
  A howler monkey (D:9)
  3 hounds
  4 jellies
  Crazy Yiuf (D:6)
  3 iguanas
  Ijyb (D:4)
  8 orc wizards
  A hound skeleton (D:8)
  Robin (D:4)
  7 adders
  8 gnolls
  2 worms
  4 dart slugs
  36 orcs
  5 ball pythons
  5 endoplasms
  10 goblins
  5 hobgoblins
  4 jackals (D:4)
  8 quokkas
  7 bats
  8 frilled lizards
  13 kobolds
  A rat (D:2)
201 creatures vanquished.

Vanquished Creatures (others)
  An adder (D:6)
  10 fungi
  5 plants
16 creatures vanquished.

Grand Total: 217 creatures vanquished

Notes
Turn   | Place    | Note
-------+----------+-------------------------------------------
     0 | D:1      | Sabo the Formicid Fighter began the quest for the Orb.
     0 | D:1      | Reached XP level 1. HP: 18/18 MP: 1/1
   464 | D:1      | Reached XP level 2. HP: 24/24 MP: 2/2
  1088 | D:1      | Found a faded altar of an unknown god.
  1093 | D:1      | Prayed at the altar of an unknown god.
  1093 | D:1      | Became a worshipper of Fedhas Madash
  1093 | D:1      | Reached * piety under Fedhas
  1188 | D:1      | Reached XP level 3. HP: 29/29 MP: 3/3
  1648 | D:2      | Reached XP level 4. HP: 28/35 MP: 4/4
  1760 | D:2      | Reached ** piety under Fedhas
  2519 | D:3      | Reached skill level 3 in Axes
  2535 | D:3      | Reached skill level 1 in Throwing
  2583 | D:3      | Reached XP level 5. HP: 39/41 MP: 5/5
  3064 | D:3      | Identified the +3 leather armour of the Exiled Deaths
                  | {rElec rPois}
  3190 | D:3      | Identified the +2 robe "Deobesam" {Regen+}
  3482 | D:3      | Noticed Sigmund
  3492 | D:3      | Killed Sigmund
  3493 | D:3      | Reached skill level 4 in Axes
  3493 | D:3      | Reached skill level 1 in Dodging
  3493 | D:3      | Reached XP level 6. HP: 36/48 MP: 6/6
  4043 | D:4      | Found a basalt altar of Yredelemnul.
  4048 | D:4      | Found a hide-covered altar of Uskayaw.
  4134 | D:4      | Reached *** piety under Fedhas
  4136 | D:4      | Reached XP level 7. HP: 48/54 MP: 7/7
  4332 | D:4      | Noticed Robin
  4333 | D:4      | Noticed Ijyb
  4346 | D:4      | Killed Robin
  4347 | D:4      | Reached skill level 5 in Shields
  4354 | D:4      | Killed Ijyb
  4355 | D:4      | Reached skill level 5 in Axes
  5039 | D:5      | Entered Level 5 of the Dungeon
  5257 | D:5      | Found a staircase to the Ecumenical Temple.
  5328 | D:5      | Noticed Eustachio
  5347 | D:5      | Killed Eustachio
  5348 | D:5      | Reached skill level 1 in Stealth
  5664 | D:5      | Reached XP level 8. HP: 60/61 MP: 8/8
  5909 | D:5      | Reached skill level 6 in Axes
  6304 | D:6      | Reached **** piety under Fedhas
  6305 | D:6      | Reached skill level 5 in Fighting
  6486 | D:6      | Found a runed translucent door.
  6487 | D:6      | Noticed Crazy Yiuf
  6495 | D:6      | Killed Crazy Yiuf
  6650 | D:6      | Reached skill level 7 in Axes
  6892 | D:6      | Found a glowing golden altar of the Shining One.
  6911 | D:6      | Reached XP level 9. HP: 25/68 MP: 9/9
  7397 | D:7      | Reached skill level 8 in Axes
  7697 | D:7      | Reached skill level 5 in Armour
  8520 | D:7      | Noticed Pikel
  8532 | D:7      | Killed Pikel
  8533 | D:7      | Reached skill level 9 in Axes
  8602 | D:7      | Identified a scroll of acquirement
  8603 | D:7      | Acquired 892 gold pieces
  8657 | D:7      | Reached XP level 10. HP: 77/77 MP: 10/10
  8814 | D:8      | Noticed a two-headed ogre
  8971 | D:8      | Reached skill level 10 in Axes
  9225 | D:8      | Killed a two-headed ogre
  9225 | D:8      | Reached ***** piety under Fedhas
  9549 | D:8      | Found a burning altar of Makhleb.
  9625 | D:8      | Found a shimmering altar of Xom.
  9740 | D:8      | Reached skill level 11 in Axes
  9788 | D:8      | Found a hazy altar of Hepliaklqana.
 10075 | D:9      | Noticed a two-headed ogre
 10088 | D:9      | Killed a two-headed ogre
 10089 | D:9      | Reached XP level 11. HP: 37/86 MP: 11/11
 10723 | D:9      | Noticed a two-headed ogre
 10738 | D:9      | Killed a two-headed ogre
 10739 | D:9      | Reached skill level 12 in Axes
 11048 | D:9      | Found a stormy altar of Qazlal.
 11094 | D:9      | Reached skill level 5 in Dodging
 11199 | D:10     | Entered Level 10 of the Dungeon
 11553 | D:10     | Found a staircase to the Lair.
 12571 | D:10     | Noticed Erolcha
 12575 | Abyss:2  | Cast into level 2 of the Abyss (Erolcha)
 12616 | Abyss:2  | Noticed a flayed ghost
 12632 | Abyss:2  | Noticed a balrug
 12643 | Abyss:2  | HP: 4/87 [balrug/+2 demon whip of venom (10)]
 12643 | Abyss:2  | Demolished by a balrug

Illustrated notes

Levels and vault maps discovered:
D:1:      wander_arrival_fairy_ring, layout_basic,
          shapermc_ecumenical_altar_mp_highgroup, minmay_small_reverse_x
D:2:      layout_loops_ring, kennysheep_generic_room_2
D:3:      layout_basic, minmay_checkerbox, uniq_sigmund
D:4:      layout_rooms, nicolae_overflow_hidden_temple, serial_aquarium,
          aquarium_bridge_square [aquarium_subvault_bridge,
          aquarium_subvault_bridge, aquarium_subvault_bridge,
          aquarium_subvault_wall], aquarium_window_corner, aquarium_window_2,
          aquarium_window_3, aquarium_window_fake, aquarium_view_2e,
          aquarium_view_2b, aquarium_balcony_5a, uniq_ijyb, uniq_robin
D:5:      layout_loops_ring, temple_doors_e, uniq_eustachio
D:6:      layout_basic, mainiacjoe_overflow_surrounded_room,
          uniq_crazy_yiuf_cottage
D:7:      layout_cave_pools, minmay_crystal_room, uniq_pikel
D:8:      layout_rooms, kennysheep_mini_moat, makhleb_blood_cavern_becter,
          xom_teletrap_fun, st_stairs_3
D:9:      layout_cave_pools, nicolae_qazlal_style_of_elements
D:10:     layout_stronghold, david_lair_shrubbed, uniq_erolcha
Abyss:2:  base:
D:1

Skill      XL: |  1  2  3  4  5  6  7  8  9 10 11 |
---------------+----------------------------------+-----
Axes           | 3 4 5 7 9 11 12 | 12.3
Throwing       | 1 2 |  2.6
Armour         | 4 5 |  5.9
Fighting       | 4 5 6 8 |  8.5
Dodging        | 1 2 3 4 5 |  5.2
Shields        | 5 6 7 |  7.3
Stealth        | 1 2 3 |  3.7

Action                   |  1- 3 |  4- 6 |  7- 9 | 10-12 || total
-------------------------+-------+-------+-------+-------++-------
Melee: War axe           |    89 |   124 |    22 |       ||   235
       Battleaxe         |       |       |   222 |   182 ||   404
Throw: Dart              |    24 |    28 |    11 |       ||    63
       Boomerang         |       |     1 |       |     3 ||     4
  Use: Scroll            |     1 |     5 |    12 |     5 ||    23
       Potion            |       |     1 |     4 |     8 ||    13
 Stab: Invisible         |       |       |     1 |       ||     1
       Sleeping          |       |       |       |     2 ||     2
Armor: Scale mail        |    32 |    22 |       |       ||    54
       Leather armour    |       |    34 |   101 |    53 ||   188
Dodge: Dodged            |    43 |    62 |   151 |   118 ||   374
Block: Buckler           |    31 |    27 |    56 |    53 ||   167

Table legend: (Time is in decaauts)
 A = Elapsed time spent in this place.
 B = Non-inter-level travel time spent in this place.
 C = Inter-level travel time spent in this place.
 D = Time resting spent in this place.
 E = Time spent auto-exploring this place.
 F = Levels seen in this place.
 G = Mean time per level.
                   A        B        C        D        E       F      G
               +--------+--------+--------+--------+--------+-----+--------+
         Total |  12852 |  12852 |      0 |   4503 |      0 |  11 | 1168.4 |
       Dungeon |  12784 |  12784 |      0 |   4503 |      0 |  10 | 1278.4 |
         Abyss |     67 |     67 |      0 |      0 |      0 |   1 |   67.0 |
               +--------+--------+--------+--------+--------+-----+--------+

Top non-repeatable levels by time:
     D:7: 1485 daAuts
     D:3: 1407 daAuts
    D:10: 1382 daAuts
     D:2: 1294 daAuts
     D:5: 1275 daAuts
     D:9: 1266 daAuts
     D:1: 1244 daAuts
     D:4: 1186 daAuts
     D:8: 1139 daAuts
     D:6: 1102 daAuts
 Abyss:2: 67 daAuts
